[Event "Klatovy Open-A 2024"]
[Site "Klatovy"]
[Date "2024.07.05"]
[Round "7.2"]
[White "Slovak, Kilian"]
[Black "Strnad, Jakub"]
[Result "1-0"]
[ECO "C62"]
[WhiteElo "2271"]
[BlackElo "1942"]
[Annotator "TA"]
[PlyCount "65"]
[EventDate "2024.06.21"]
[EventType "swiss"]
[EventCountry "CZE"]
[SourceTitle "playchess.com"]
[Source "ChessBase"]
[SourceQuality "1"]
[TimeControl "40/7200:0"]

1. e4 e5 2. Nf3 Nc6 3. Nc3 Nf6 4. Bb5 d6 5. d4 exd4 6. Nxd4 Bd7 7. Nxc6 Bxc6 8. Bxc6+ bxc6 9. Qe2 Be7 10. b3 O-O 11. Bb2 {[%emt 0:00:00] Weiß steht etwas besser.} Re8 12. O-O-O Bf8 13. f4 a5 14. Qc4 Qd7 15. Rhe1 Rab8 ({Günstiger ist} 15... d5 $14 16. Qa4 Qg4) 16. e5 $16 Rb4 17. Qf1 {[%emt 0:00:56] Weiß steht deutlich aktiver.} Nd5 18. Nxd5 cxd5 19. Rxd5 a4 20. Ba3 Qc6 {[%emt 0:03:24] Führt Schwarz ins Verderben.} ({Vorzuziehen ist} 20... Rbb8 $14) 21. Bxb4 $18 Qxd5 22. exd6 (22. bxa4 Qxa2 (22... dxe5 23. a3 $11) 23. Qb5 Qa1+ 24. Kd2 Qd4+ 25. Ke2 Re6 $19) 22... Rxe1+ 23. Qxe1 cxd6 {[%emt 0:00:00][%mdl 4096] Endspiel. KQB-KQB} 24. g3 ({Jedoch nicht} 24. bxa4 $6 Qxa2 25. a5 Qa1+ 26. Kd2 Qd4+ 27. Kc1 Qa1+ 28. Kd2 Qd4+ 29. Ke2 Qc4+ 30. Kf3 (30. Kd1 Qxf4 31. g3 Qd4+ 32. Bd2 Qa1+ 33. Ke2 Qb2 $11) 30... Qxc2 $16) 24... axb3 25. axb3 h6 26. Qd2 Qc6 27. Kb2 d5 $2 {[%emt 0:07:10] [#]} (27... Be7 28. Qd3 Bf8) 28. Bxf8 Kxf8 29. Qd4 Qe6 (29... g5 $142 30. fxg5 hxg5) 30. b4 {[%emt 0:01:04][%cal Bb3b4,Bb4b5][%mdl 32] Weiß steht klar auf Gewinn.} f5 (30... f6 $142 31. b5 Qf7 32. Qc5+ Kg8) 31. b5 {[%emt 0:00:12] [#] Schwarz muss nun b6 beachten.} Kf7 32. Kb3 {[%emt 0:00:26] Droht b6 und aus.} g5 33. c4 {[%emt 0:00:42] Gewichteter Fehlerwert: Weiß=0.08 (makellos) /Schwarz=0.38.  Fehler:       	---       	Schwarz=5     Ungenau:       	Weiß=1     	Schwarz=1     OK:         	Weiß=10    	Schwarz=7     Bester:       	Weiß=3     	---} 1-0